 Dungeon Sprint DCSS version 0.17-a0-1778-gd369669 (webtiles) character file.

933 KambridgeKobold the Blocker (level 7, -2/68 HPs)
             Began as a Minotaur Fighter on Sept 8, 2015.
             Was a Follower of Okawaru.
             Slain by a sixfirhy (8 damage)
             ... summoned by a kobold demonologist
             ... in the Dungeon (Sprint I: "Red Sonja").
             The game lasted 00:04:12 (888 turns).

KambridgeKobold the Blocker (Minotaur Fighter)       Turns: 888, Time: 00:04:12

Health: -2/68      AC: 14    Str: 21    XL:     7   Next: 86%
Magic:  6/6        EV:  8    Int:  5    God:    Okawaru [*.....]
Gold:   405        SH: 13    Dex: 11    Spells: 0 memorised, 6 levels left

rFire  . . .     SeeInvis .     a - +0 trident
rCold  . . .     Clarity  .     m - +2 chain mail {MR+}
rNeg   . . .     SustAt   .     c - +0 shield
rPois  .         Gourm    .     (helmet restricted)
rElec  .         Spirit   .     (no cloak)
rCorr  .         Warding  .     (no gloves)
rMut   .         NoTele   +     (no boots)
MR     +....                    (no amulet)
Stlth  ..........               (no ring)
                                (no ring)

@: weakened, very slightly contaminated, hasted, very quick, somewhat resistant
to hostile enchantments, extremely unstealthy
A: retaliatory headbutt, horns 2
a: Heroism, Renounce Religion


You were in the Dungeon.
You worshipped Okawaru.
Okawaru was aware of your devotion.
You were not hungry.

You visited 1 branch You collected 417 gold pieces.
You spent 12 gold pieces at shops.

Inventory:

Hand weapons
 a - a +0 trident (weapon)
 d - a +0 scythe
Armour
 b - a +0 scale mail
 c - a +0 shield (worn)
 m - a +2 chain mail of magic resistance (worn)
Scrolls
 k - 2 scrolls of blinking
Potions
 g - a potion of poison
 i - 2 potions of magic
 j - a potion of berserk rage
Comestibles
 e - a bread ration


   Skills:
 + Level 8.0 Fighting
 - Level 9.0 Polearms
 + Level 11.6 Armour
 * Level 13.2 Shields


You had 6 spell levels left.
You didn't know any spells.

Dungeon Overview and Level Annotations

Branches:
Dungeon (1/1)

Altars:
Cheibriados
Dithmenos
Elyvilon
Fedhas
Gozag
Kikubaaqudgha
Makhleb
Nemelex Xobeh
Okawaru
Qazlal
Ru
Sif Muna
Trog
Vehumet
Xom
Yredelemnul
Zin
The Shining One
Jiyva

Shops:
D !


Innate Abilities, Weirdness & Mutations

You reflexively headbutt those who attack you in melee.
You have a pair of horns on your head.


Message History

* * * LOW HITPOINT WARNING * * *
You feel sick.
The quasit disappears in a puff of smoke! x2
The crimson imp disappears in a puff of smoke!
The orange demon disappears in a puff of smoke!
Drink which item? (? for menu, Esc to quit)
You feel better.
The kobold demonologist miscasts a cantrip.
You closely miss the kobold demonologist.
You headbutt the kobold demonologist.
The kobold demonologist is lightly wounded.
You barely miss the kobold demonologist.
The kobold demonologist is lightly wounded.
The kobold demonologist mumbles some strange words.
You hit the kobold demonologist.
The kobold demonologist is lightly wounded.
The sixfirhy hits you!
* * * LOW HITPOINT WARNING * * *
The sixfirhy shocks you!
You die...

#####################
.)..#..'..#__#..@45.#
.#..'[.#..'^.'..#K53#
###'#####'#__####5§.+
##..#...#.#### ####
_####..##.#
..__##'#..+
.∩...÷..._#
..._##_.#'#
____###+#[#


You could see a kobold demonologist, a sixfirhy, a neqoxec, a crimson imp and 2
shadow imps.

Vanquished Creatures
  A kobold demonologist (D)
  A slime creature (D)
  Sigmund (D)
  A yak (D)
  An ogre (D)
  Ijyb (D)
  A jelly (D)
  A giant eyeball (D)
8 creatures vanquished.

Notes
Turn   | Place    | Note
--------------------------------------------------------------
     0 | D        | KambridgeKobold the Minotaur Fighter began the quest for the Orb.
     0 | D        | Reached XP level 1. HP: 19/19 MP: 0/0
     1 | D        | Noticed Ijyb
    24 | D        | Killed Ijyb
    24 | D        | Reached skill level 4 in Polearms
    24 | D        | Reached skill level 5 in Armour
    24 | D        | Reached skill level 5 in Shields
    24 | D        | Reached XP level 2. HP: 24/26 MP: 1/1
    46 | D        | Noticed an ogre
    52 | D        | HP: 1/26 [ogre/giant club (12)]
    56 | D        | Killed an ogre
    56 | D        | Reached skill level 6 in Polearms
    56 | D        | Reached skill level 7 in Armour
    56 | D        | Reached XP level 3. HP: 13/31 MP: 2/2
    56 | D        | Reached XP level 4. HP: 16/39 MP: 3/3
   230 | D        | Noticed Sigmund
   237 | D        | Killed Sigmund
   237 | D        | Reached skill level 9 in Polearms
   237 | D        | Reached XP level 5. HP: 35/45 MP: 4/4
   237 | D        | Reached XP level 6. HP: 39/51 MP: 5/5
   298 | D        | Found a deep blue altar of Sif Muna.
   299 | D        | Noticed a jelly
   300 | D        | Found a radiant altar of Vehumet.
   305 | D        | Killed a jelly
   428 | D        | Found Boidickisk's Distillery.
   428 | D        | Found a white marble altar of Elyvilon.
   428 | D        | Found a stormy altar of Qazlal.
   428 | D        | Found a burning altar of Makhleb.
   428 | D        | Found a sacrificial altar of Ru.
   428 | D        | Found a basalt altar of Yredelemnul.
   428 | D        | Found a glowing golden altar of the Shining One.
   428 | D        | Found a sparkling altar of Nemelex Xobeh.
   428 | D        | Found a shimmering altar of Xom.
   428 | D        | Found an opulent altar of Gozag.
   428 | D        | Found an ancient bone altar of Kikubaaqudgha.
   428 | D        | Found a glowing silver altar of Zin.
   428 | D        | Noticed a yak
   438 | D        | Killed a yak
   438 | D        | Reached skill level 5 in Fighting
   438 | D        | Reached skill level 10 in Armour
   438 | D        | Reached skill level 11 in Shields
   439 | D        | Found an iron altar of Okawaru.
   442 | D        | Found a bloodstained altar of Trog.
   446 | D        | Bought a potion of poison for 12 gold pieces
   549 | D        | Became a worshipper of Warmaster Okawaru
   561 | D        | Found a snail-covered altar of Cheibriados.
   561 | D        | Found a viscous altar of Jiyva.
   561 | D        | Found a shadowy altar of Dithmenos.
   561 | D        | Found a blossoming altar of Fedhas.
   561 | D        | Noticed a slime creature
   578 | D        | Killed a slime creature
   578 | D        | Reached skill level 12 in Shields
   578 | D        | Reached XP level 7. HP: 12/64 MP: 6/6
   846 | D        | Noticed a kobold demonologist
   847 | D        | Noticed a kobold demonologist
   848 | D        | Paralysed by a giant eyeball for 2 turns
   850 | D        | Noticed a sixfirhy
   852 | D        | Noticed an orange demon
   864 | D        | Noticed an orange demon
   876 | D        | Noticed a sixfirhy
   884 | D        | Killed a kobold demonologist
   884 | D        | Acquired Okawaru's first power
   884 | D        | Reached skill level 13 in Shields
   888 | D        | Slain by a sixfirhy

Vault maps used:
D:        dungeon_sprint_1

Action                   |  1- 3 |  4- 6 |  7- 9 || total
-------------------------+-------+-------+-------++-------
Melee: Trident           |    30 |    38 |    37 ||   105
  Use: Potion            |     2 |       |     2 ||     4
